 Dungeon Crawl Stone Soup version 0.31.0-32-g396128a36d (webtiles) character file.

Game seed: 15329933305273281365

382 PaiMei the Grave Robber (level 6, -3/46 HPs)
             Began as a Demonspawn Necromancer on Mar 29, 2024.
             Killed by divine providence
             ... invoked by an orc priest
              (12 damage)
             ... on level 4 of the Dungeon.
             The game lasted 00:05:56 (3536 turns).

PaiMei the Grave Robber (Demonspawn Necromancer)    Turns: 3536, Time: 00:05:57

Health: -3/46      AC: 10    Str:  8    XL:     6   Next: 47%
Magic:  11/11      EV: 17    Int: 17    God:
Gold:   139        SH:  0    Dex: 14    Spells: 4/12 levels left

rFire   . . .        x - +2 mace (protect)
rCold   . . .        (no shield)
rNeg    . . .        e - +0 leather armour
rPois   .            q - +0 helmet
rElec   .            c - +0 cloak
rCorr   .            y - +0 pair of gloves
SInv    .            d - +0 pair of boots
Will    .....        f - amulet of magic regeneration
Stlth   ++           l - +5 ring of evasion
HPRegen 0.27/turn    (no ring)
MPRegen 0.52/turn

%: no passive effects
@: no status effects
A: claws 2, slimy green scales 2
a: no special abilities


You were on level 4 of the Dungeon.
You visited 1 branch of the dungeon, and saw 4 of its levels.

You collected 139 gold pieces.

Inventory:

Hand Weapons
 g - a +3 whip
 x - a +2 mace of protection (weapon)
Missiles
 r - 5 silver javelins
Armour
 c - a +0 cloak (worn)
 d - a +0 pair of boots (worn)
 e - a +0 leather armour (worn)
 q - a +0 helmet (worn)
 y - a +0 pair of gloves (worn)
Jewellery
 f - an amulet of magic regeneration (around neck)
 l - a +5 ring of evasion (left hand)
Wands
 s - a wand of flame (19)
Scrolls
 a - a scroll of poison {unknown}
 i - 4 scrolls of identify {unknown}
 n - a scroll of noise {unknown}
 p - 4 scrolls of teleportation {unknown}
 u - 2 scrolls of immolation {unknown}
 v - a scroll of brand weapon {unknown}
 w - 3 scrolls of enchant weapon {unknown}
Potions
 b - a potion of magic
 h - 2 potions of invisibility {unknown}
 j - a potion of attraction {unknown}
 k - 2 potions of curing {unknown}
 m - a potion of degeneration {unknown}
 o - 2 potions of haste {unknown}
 t - a potion of might {unknown}


   Skills:
 + Level 2.7 Fighting
 + Level 3.4 Dodging
 - Level 2.1 Stealth
 + Level 3.5 Spellcasting
 + Level 5.7 Necromancy


You had 4 spell levels left.
You knew the following spells:

 Your Spells              Type           Power      Damage    Failure   Level
a - Necrotise             Necr           88%        1d8       2%          1
b - Vampiric Draining     Necr           22%        2d7       7%          3
c - Animate Dead          Necr           22%        N/A       22%         4

Your spell library contained the following spells:

 Spells                   Type           Power      Damage    Failure   Level
 Cigotuvi's Dreadful Rot  Necr/Alch/Air  18%        N/A       17%         2
 Dispel Undead            Necr           22%        3d12      22%         4
 Tukima's Dance           Hex            3%         N/A       58%         3
 Martyr's Knell           Necr/Summ      12%        N/A       58%         4
 Passage of Golubria      Tloc           3%         N/A       94%         4
 Curse of Agony           Necr           22%        N/A       52%         5
 Death Channel            Necr           11%        N/A       98%         6
 Yara's Violent Unravell  Hex/Alch       1%         3d3       100%        5


Dungeon Overview and Level Annotations

Branches:
Dungeon (4/15)
 Temple: D:4-7

Altars:
Dithmenos

Shops:
D:1 =[


Innate Abilities, Weirdness & Mutations

You have very sharp fingernails.
You are mostly covered in slimy green scales. (AC +3)


Message History

Press: ? - help, Shift-Dir - straight line, f/p - jelly
Aim: a jelly (moderately wounded, ally target, chance to affect: 86%)
The jelly writhes in agony.
Casting: Necrotise (safe; 2% risk of failure)
Confirm with . or Enter, or press ? or * to list all spells.
Aiming: Necrotise (safe; 2% risk of failure)
Press: ? - help, Shift-Dir - straight line, f/p - jelly
Aim: a jelly (severely wounded, ally target, chance to affect: 86%)
The jelly writhes in agony.
You kill the jelly!
Casting: Necrotise (safe; 2% risk of failure)
Confirm with . or Enter, or press ? or * to list all spells.
You can't see any susceptible monsters within range! (Use Z to cast anyway.)
Casting: Necrotise (safe; 2% risk of failure)
Confirm with . or Enter, or press ? or * to list all spells.
You can't see any susceptible monsters within range! (Use Z to cast anyway.)
You swap places.
You swap places.
Your quokka skeleton crumbles into dust!
Your ball python skeleton crumbles into dust!
You open the door. 3 orc priests and a kobold come into view.
The orc priest shouts!
The kobold shouts!
The orc priest shouts! x2
You hear a shout!
An orc priest comes into view. It is wielding a +0 club.
The orc priest attacks as it pursues you!
The orc priest closely misses you.
The orc priest mumbles some strange prayers to Beogh against you.
Beogh smites you!
The orc priest looks satisfied for a moment.
The orc priest calls down the wrath of Beogh upon you.
Beogh smites you!
The orc priest invokes the aid of Beogh against you.
Beogh smites you!
* * * LOW HITPOINT WARNING * * *
The orc priest mumbles some strange prayers to Beogh against you.
You barely resist.
The orc priest calls down the wrath of Beogh upon you.
Beogh smites you!
You die...

#.# #......# #o#
#......# #.#
#......# #K#
#......# #o#
#......#
#.#####......#
#.#...Z...##.#
#.#.########.#
#.@..........#
###.###############
#................
#################


You could see 2 orc priests and a kobold.

Vanquished Creatures
  Sigmund (D:2)
  A jelly (D:4)
  Robin (D:2)
  6 adders
  2 gnolls
  2 dart slugs
  3 orcs (D:3)
  6 ball pythons
  5 bats
  5 endoplasms
  3 giant cockroaches
  15 goblins
  13 hobgoblins
  9 jackals
  8 kobolds
  5 quokkas
  6 frilled lizards
  7 rats
98 creatures vanquished.

Vanquished Creatures (collateral kills)
  A goblin (D:2)
1 creature vanquished.

Grand Total: 99 creatures vanquished

Notes
Turn   | Place    | Note
-------+----------+-------------------------------------------
     0 | D:1      | PaiMei the Demonspawn Necromancer began the quest for the
                  | Orb.
     0 | D:1      | Reached XP level 1. HP: 13/13 MP: 3/3
   232 | D:1      | Gained mutation: You are partially covered in slimy green
                  | scales. (AC +2) [demonic ancestry]
   232 | D:1      | Reached XP level 2. HP: 19/19 MP: 0/5
   505 | D:1      | Found Zattuliusy's Antique Armour Boutique.
   660 | D:1      | Reached XP level 3. HP: 25/25 MP: 4/6
   848 | D:1      | Found a faded altar of an unknown god.
   863 | D:1      | Learned a level 3 spell: Vampiric Draining
  1290 | D:1      | Found Ibox's Jewellery Shop.
  1342 | D:2      | Reached skill level 1 in Fighting
  1759 | D:2      | Gained mutation: You are mostly covered in slimy green
                  | scales. (AC +3) [demonic ancestry]
  1759 | D:2      | Reached XP level 4. HP: 32/32 MP: 4/7
  1846 | D:2      | Noticed Sigmund
  1991 | D:2      | Noticed Robin
  1996 | D:2      | Reached skill level 5 in Necromancy
  2127 | D:2      | Killed Robin
  2458 | D:2      | Killed Sigmund
  2459 | D:2      | Gained mutation: You have sharp fingernails. [demonic
                  | ancestry]
  2459 | D:2      | Reached XP level 5. HP: 39/39 MP: 2/10
  2459 | D:2      | Gained mutation: You have very sharp fingernails. [demonic
                  | ancestry]
  2459 | D:2      | Reached XP level 6. HP: 46/46 MP: 2/11
  2836 | D:3      | Found a shadowy altar of Dithmenos.
  3409 | D:4      | Learned a level 4 spell: Animate Dead
  3536 | D:4      | Killed from afar by an orc priest

Illustrated notes

Levels and vault maps discovered:
D:1:      dpeg_arrival_subterranean_lakeside_camping, layout_loops_ring,
          hellmonk_ecumenical_altar_pennies_from_heaven, serial_shops, shop,
          nicolae_shop_dealshenge
D:2:      minmay_thinvault, layout_rooms, grunt_decor_resistance,
          minmay_close_crescents, uniq_sigmund, uniq_robin
D:3:      layout_rooms, nicolae_dithmenos_the_darkroom,
          minmay_fractal_squares_diagonal_5
D:4:      layout_basic, serial_shops, shop, uniq_menkaure

Skill      XL: |  1  2  3  4 |
---------------+-------------+-----
Stealth        | 2 |  2.1
Dodging        | 2 3 |  3.4
Fighting       | 1 2 |  2.7
Necromancy     | 5 |  5.7
Spellcasting   | 3 |  3.5

Action                     |  1- 3 |  4- 6 || total
---------------------------+-------+-------++-------
  Melee: Unarmed           |    42 |       ||    42
         Punch             |     2 |       ||     2
         Whip              |     3 |    16 ||    19
   Cast: Necrotise         |    85 |    98 ||   183
         Vampiric Draining |       |     3 ||     3
   Stab: Distracted        |     1 |       ||     1
 Armour: Robe              |     7 |       ||     7
         Leather armour    |    36 |    23 ||    59
  Dodge: Dodged            |    64 |    56 ||   120
